 Dungeon Crawl Stone Soup version 0.23.1-37-gaa34b87b72 (webtiles) character file.

Game seed: 12487185961781259820

172 Revguard the Charmwright (level 5, 0/67 HPs)
             Began as a Draconian Skald on Mar 27, 2019.
             Slain by a hound (3 damage)
             ... on level 4 of the Dungeon.
             The game lasted 00:11:33 (2732 turns).

Revguard the Charmwright (Draconian Skald)          Turns: 2732, Time: 00:11:33

Health: 0/67       AC: 22    Str: 14    XL:     5   Next: 27%
Magic:  8/8        EV:  2    Int: 14    God:
Gold:   101        SH:  0    Dex: 10    Spells: 3/9 levels left

rFire    . . .     SeeInvis .   a - +0 hand axe
rCold    . . .     Gourm    .   (no shield)
rNeg     + + +     Faith    .   (armour unavailable)
rPois    +         Spirit   .   (helmet currently unavailable)
rElec    .         Reflect  .   (cloak currently unavailable)
rCorr    .         Harm     .   (gloves currently unavailable)
MR       .....     NoTele   +   (boots currently unavailable)
Stlth    +.........             (no amulet)
HPRegen  0.21/turn              (no ring)
MPRegen  0.11/turn              (no ring)

@: lethally poisoned (0 -> -5), tree-form
A: unfitting armour, AC +5
a: no special abilities


You were on level 4 of the Dungeon.
You were not hungry.
You were a tree.
You visited 1 branch of the dungeon, and saw 4 of its levels.

You collected 101 gold pieces.

Inventory:

Hand Weapons
 a - a +0 hand axe (weapon)
Armour
 d - a +2 pair of gloves (melded)
 f - a +0 pair of boots (melded)
Scrolls
 b - 3 scrolls of immolation {unknown}
 e - 4 scrolls of teleportation {unknown}
 h - 2 scrolls of noise {unknown}
 i - 2 scrolls of enchant armour {unknown}
 j - 3 scrolls of identify {unknown}
 k - a scroll of blinking {unknown}
 l - a scroll of remove curse {unknown}
 m - a scroll of amnesia {unknown}
 n - a scroll of fog {unknown}
Potions
 p - 4 potions of flight
Comestibles
 c - 5 rations


   Skills:
 + Level 3.0 Fighting
 + Level 3.1 Axes
 + Level 3.1 Dodging
 + Level 2.5 Spellcasting
 * Level 1.3 Hexes
 + Level 3.3 Charms


You had 3 spell levels left.
You knew the following spells:

 Your Spells              Type           Power        Failure   Level  Hunger
a - Infusion              Chrm           ##..         6%          1    #......
b - Song of Slaying       Chrm           ##......     9%          2    ###....
c - Spectral Weapon       Hex/Chrm       #.......     26%         3    ###....

Your spell library contained the following spells:

 Spells                   Type           Power        Failure   Level  Hunger
 Shroud of Golubria       Chrm/Tloc      #.........   17%         2    ###....
 Regeneration             Chrm/Necr      #.........   34%         3    ###....


Dungeon Overview and Level Annotations

Branches:
Dungeon (4/15)
 Temple: D:4-7

Altars:
Fedhas
Trog

Shops:
D:4 (


Innate Abilities, Weirdness & Mutations

((Your plain brown scales are hard. (AC +5)))
You cannot fit into any form of body armour.
((You are cold-blooded and may be slowed by cold attacks.))


Message History

Your memorisation is interrupted.
* * * LOW HITPOINT WARNING * * *
You feel sick. The hound barely misses you. x2
Memorise Regeneration, consuming 3 spell levels and leaving 0?
Your memorisation is interrupted.
* * * LOW HITPOINT WARNING * * *
You feel sick. The hound bites you but does no damage.
You completely miss the hound.
The hound is moderately wounded.
* * * LOW HITPOINT WARNING * * *
You feel sick.
The hound bites you but does no damage. x2
You hit the hound.
The hound is moderately wounded.
* * * LOW HITPOINT WARNING * * *
You feel sick. The hound bites you but does no damage.
You closely miss the hound.
The hound is moderately wounded.
* * * LOW HITPOINT WARNING * * *
You feel sick. The hound bites you but does no damage. The hound bites you.
You die...

#. #. #. ### . #?
#.. #.# #. ###.#
....##.## ##.#.#
........######
##....#
.......ah♣...#
#.....#
..#####.####.#
##...## #.# #.#
##.## #.# #.# #.#
..# #.# #.# ### #.#
#.# ##.# #.###
##..## #.##.
####....########.#..


You could see a hound and a worker ant.

Vanquished Creatures
  A bullfrog (D:2)
  A hound (D:4)
  An adder (D:3)
  An ooze (D:1)
  3 worms (D:2)
  2 leopard geckos
  5 orcs
  5 bats
  A giant cockroach (D:4)
  A goblin (D:2)
  4 hobgoblins
  5 kobolds
  3 quokkas
  2 ball pythons
  5 frilled lizards
  A leopard gecko skeleton (D:4)
  6 rats
47 creatures vanquished.

Notes
Turn   | Place    | Note
-------+----------+-------------------------------------------
     0 | D:1      | Revguard the Draconian Skald began the quest for the Orb.
     0 | D:1      | Reached XP level 1. HP: 17/17 MP: 3/3
   385 | D:1      | Reached XP level 2. HP: 21/24 MP: 0/5
   389 | D:1      | Learned a level 2 spell: Song of Slaying
  1086 | D:2      | Noticed a moth of wrath
  1088 | D:2      | Found a bloodstained altar of Trog.
  1114 | D:2      | Reached XP level 3. HP: 23/30 MP: 1/6
  1189 | D:2      | Learned a level 3 spell: Spectral Weapon
  1712 | D:2      | Noticed a bullfrog
  1733 | D:2      | Killed a bullfrog
  1733 | D:2      | Reached skill level 1 in Hexes
  1733 | D:2      | Reached XP level 4. HP: 13/37 MP: 2/7
  2421 | D:3      | Found a blossoming altar of Fedhas.
  2519 | D:4      | Reached XP level 5. HP: 40/44 MP: 2/8
  2659 | D:4      | Found Xamneragh's Antique Weapon Boutique.
  2732 | D:4      | HP: 3/67 [poisoned by a worker ant]
  2732 | D:4      | Slain by a hound

Skill      XL: |  1  2  3  4  5 |
---------------+----------------+-----
Charms         | 3 |  3.3
Hexes          | 1 |  1.3
Axes           | 3 |  3.1
Dodging        | 3 |  3.1
Fighting       | 3 |  3.0
Spellcasting   | |  2.5

Action                   |  1- 3 |  4- 6 || total
-------------------------+-------+-------++-------
Melee: Hand axe          |   123 |    68 ||   191
       Tailslap          |     8 |     7 ||    15
 Cast: Infusion          |     5 |       ||     5
       Song of Slaying   |     1 |     1 ||     2
       Spectral Weapon   |     1 |     1 ||     2
  Use: Potion            |     4 |     3 ||     7
 Stab: Sleeping          |     1 |     1 ||     2
  Eat: Chunk             |     2 |     4 ||     6
Armor: Skin              |    54 |    41 ||    95
Dodge: Dodged            |   106 |    31 ||   137
